 Dungeon Crawl Stone Soup version 0.27.1-35-g4d5d836560 (webtiles) character file.

Game seed: 2299318639817888573

191 tkbsonic5 the Skirmisher (level 5, -2/47 HPs)
             Began as a Draconian Fighter on Jan 2, 2023.
             Killed by divine providence
             ... invoked by an orc priest
              (12 damage)
             ... on level 3 of the Dungeon.
             The game lasted 00:08:03 (2811 turns).

tkbsonic5 the Skirmisher (Draconian Fighter)        Turns: 2811, Time: 00:08:04

Health: -2/47      AC:  5    Str: 19      XL:     5   Next: 42%
Magic:  5/5        EV: 10    Int:  8      God:
Gold:   73         SH:  9    Dex:  9 (11) Spells: 4/4 levels left

rFire    . . .     SeeInvis .   a - +1 long sword
rCold    . . .     Faith    .   b - +0 kite shield
rNeg     . . .     Spirit   .   (armour unavailable)
rPois    .         Reflect  .   (helmet restricted)
rElec    .         Harm     .   (no cloak)
rCorr    .         Rampage  .   (no gloves)
Will     .....                  (no boots)
Stlth    +.........             (no amulet)
HPRegen  0.15/turn              (no ring)
MPRegen  0.09/turn              (no ring)

@: mighty
A: AC +5, unfitting armour, cold-blooded
a: no special abilities


You were on level 3 of the Dungeon.
You visited 1 branch of the dungeon, and saw 3 of its levels.

You collected 73 gold pieces.

Inventory:

Hand Weapons
 a - a +1 long sword (weapon)
 h - a +0 quarterstaff
 j - a +2 hunting sling of flaming
Missiles
 i - 5 poisoned darts (quivered)
Armour
 b - a +0 kite shield (worn)


   Skills:
 * Level 4.8 Fighting
 * Level 3.4 Long Blades
 + Level 1.0 Slings
 + Level 3.1 Dodging
 + Level 3.6 Shields


You had 4 spell levels left.
You didn't know any spells.
Your spell library was empty.

Dungeon Overview and Level Annotations

Branches:
Dungeon (3/15)

Altars:
Yredelemnul


Innate Abilities, Weirdness & Mutations

Your plain brown scales are hard. (AC +5)
You cannot fit into any form of body armour.
You are cold-blooded and may be slowed by cold attacks.


Message History

You closely miss the orc. The orc hits you with a +0 trident. x2
You hit the orc.
The orc is lightly wounded.
You block the orc's attack.
You hit the orc.
Your tail-slap misses the orc.
The orc is moderately wounded.
The orc closely misses you.
You barely miss the orc.
The orc is moderately wounded.
The orc barely misses you. x2
You closely miss the orc.
The orc is moderately wounded.
The orc barely misses you.
You riposte.
Your shield prevents you from hitting the orc.
Your tail-slap misses the orc.
The orc is moderately wounded.
You hit the orc.
You kill the orc!
You closely miss the shadow imp. The shadow imp closely misses you.
The shadow imp hits you.
You slash the shadow imp!
You kill the shadow imp!
You slash the orc priest!
The orc priest is heavily wounded.
The orc priest closely misses you.
You riposte.
You barely miss the orc priest.
The orc priest is heavily wounded.
You barely miss the orc priest.
The orc priest is heavily wounded.
The orc priest calls down the wrath of Beogh upon you.
Beogh smites you!
* * * LOW HITPOINT WARNING * * *
You block the orc priest's attack.
You barely miss the orc priest.
The orc priest is heavily wounded.
The orc priest completely misses you.
You barely miss the orc priest.
The orc priest is heavily wounded.
The orc priest calls down the wrath of Beogh upon you.
Beogh smites you!
You die...

... ... .(.. ..). .....
###### .....### #....#
.......# #....#
......!################....#
.........((.(..o@..).......#
..((((.....#########..#....#
......####....# #....##....#
...... ####.###.#####....#
....## #†..# #....# ####
##.#.##### #########
#........# #....#
#.######.### #....# #
#...####....#


You could see an orc priest.

Vanquished Creatures
  An ogre (D:3)
  Terence (D:2)
  2 adders (D:3)
  A shadow imp (D:3)
  A dart slug (D:1)
  An orc (D:3)
  5 ball pythons (D:1)
  7 endoplasms
  3 giant cockroaches
  4 goblins
  3 hobgoblins
  7 jackals
  5 kobolds
  2 quokkas (D:2)
  6 bats
  2 frilled lizards
  3 rats
54 creatures vanquished.

Notes
Turn   | Place    | Note
-------+----------+-------------------------------------------
     0 | D:1      | tkbsonic5 the Draconian Fighter began the quest for the
                  | Orb.
     0 | D:1      | Reached XP level 1. HP: 19/19 MP: 1/1
   353 | D:1      | Reached XP level 2. HP: 24/26 MP: 2/2
  1437 | D:1      | Reached XP level 3. HP: 30/33 MP: 3/3
  1835 | D:2      | Reached skill level 4 in Fighting
  2331 | D:2      | Noticed Terence
  2339 | D:2      | Killed Terence
  2340 | D:2      | Reached XP level 4. HP: 41/41 MP: 4/4
  2686 | D:3      | Found a basalt altar of Yredelemnul.
  2748 | D:3      | Noticed an ogre
  2766 | D:3      | Killed an ogre
  2767 | D:3      | Reached skill level 1 in Slings
  2767 | D:3      | Reached XP level 5. HP: 47/47 MP: 5/5
  2811 | D:3      | Killed from afar by an orc priest

Illustrated notes

Levels and vault maps discovered:
D:1:      nicolae_arrival_somewhat_less_tricky_arrival, layout_basic,
          palyth_stone_intersect, minmay_misc_feat_x
D:2:      layout_basic, uniq_terence
D:3:      minmay_evil_eye, layout_rooms, lemuel_tele_altar,
          fedhas_ov_isle_minmay, basic_ecumenical_altar

Skill      XL: |  1  2  3  4 |
---------------+-------------+-----
Fighting       | 4 |  4.8
Dodging        | 3 |  3.1
Long Blades    | 3 |  3.4
Slings         | 1 |  1.0
Shields        | |  3.6

Action                   |  1- 3 |  4- 6 || total
-------------------------+-------+-------++-------
Melee: Long sword        |   119 |    32 ||   151
       Tailslap          |    17 |     2 ||    19
Throw: Dart              |     8 |    12 ||    20
  Use: Scroll            |     4 |     1 ||     5
       Potion            |     4 |     2 ||     6
 Stab: Sleeping          |     1 |     1 ||     2
       Invisible         |     1 |       ||     1
Armor: Skin              |    47 |     4 ||    51
Dodge: Dodged            |    51 |    14 ||    65
Block: Kite shield       |    66 |    18 ||    84
       Rpst.: Long sword |    21 |     5 ||    26
